[ AOE2 MATCH · #470668692 ]
UnrankedArmenians vs Chinese
[ REPLAY ANALYSIS · EXTRACTED FROM THE RECORDED GAME ]
Feudal
12:54
Castle
16:24
Imperial
38:09
| APM avg | 52.1 |
| APM peak | 95 |
| eAPM avg | 31.5 |
| Villagers / military | 136 / 55 |
Focus
⚔️ 31.1% · 🌾 68.9%
Unknown (2626) ×37 · Fire Galley ×27 · Monk ×24 · Fishing Ship ×17 · Galley ×2 · Trebuchet (Packed) ×2
Feudal
15:04
Castle
19:14
Imperial
—
| APM avg | 54.4 |
| APM peak | 102 |
| eAPM avg | 30.7 |
| Villagers / military | 165 / 62 |
Focus
⚔️ 25.1% · 🌾 74.9%
Chu Ko Nu ×55 · Fishing Ship ×23 · Unknown (2626) ×18 · Fire Galley ×7
Feudal
13:15
Castle
16:52
Imperial
—
| APM avg | 57.5 |
| APM peak | 126 |
| eAPM avg | 28.8 |
| Villagers / military | 104 / 13 |
Focus
⚔️ 35.3% · 🌾 64.7%
Unknown (2626) ×28 · Fishing Ship ×10 · Monk ×6 · Spearman ×6 · Galley ×1
Feudal
12:24
Castle
19:45
Imperial
33:17
| APM avg | 51.9 |
| APM peak | 77 |
| eAPM avg | 27.1 |
| Villagers / military | 159 / 101 |
Focus
⚔️ 32.9% · 🌾 67.1%
Knight ×43 · Spearman ×30 · Scout Cavalry ×22 · Unknown (2626) ×9 · Fishing Ship ×8 · Trebuchet (Packed) ×4
Feudal
13:14
Castle
16:45
Imperial
34:44
| APM avg | 60.4 |
| APM peak | 116 |
| eAPM avg | 39.6 |
| Villagers / military | 197 / 75 |
Focus
⚔️ 25.0% · 🌾 75.0%
Battle Elephant ×70 · Fishing Ship ×18 · Unknown (2626) ×6 · Ratha (Ranged) ×2 · Trebuchet (Packed) ×2 · Monk ×1
Feudal
12:05
Castle
20:44
Imperial
—
| APM avg | 46.4 |
| APM peak | 125 |
| eAPM avg | 24.1 |
| Villagers / military | 100 / 34 |
Focus
⚔️ 29.6% · 🌾 70.4%
Fishing Ship ×29 · Scout Cavalry ×27 · Janissary ×5 · Camel Scout ×2
Feudal
13:30
Castle
17:03
Imperial
—
| APM avg | 71.8 |
| APM peak | 112 |
| eAPM avg | 30.6 |
| Villagers / military | 184 / 89 |
Focus
⚔️ 36.7% · 🌾 63.3%
Conquistador ×73 · Fishing Ship ×16 · Battering Ram ×15 · Scout Cavalry ×1
Feudal
15:45
Castle
19:25
Imperial
—
| APM avg | 30.7 |
| APM peak | 66 |
| eAPM avg | 16.0 |
| Villagers / military | 124 / 37 |
Focus
⚔️ 30.0% · 🌾 70.0%
Archer ×35 · Fishing Ship ×7 · Transport Ship ×2
Match map
Initial resources + every placement click. Lines = walls · curves = elevation contours. ◆ gold · ⬟ stone · ● berries · ✦ relic · ◌ wall gap
Your base· Open — 4t gap
Gothrough Mothrough's base· Open — 5t gap
康寶羊's base· Open — unwalled flank
AOKI_Thanouille's base· Open — 3t gap
虎蹲压制大脑喷气代替思考敌人不倒我倒's base· Open — 9t gap
Proctologue's base· Open — 9t gap
Danatis's base· Open — 12t gap
AOKI_ViDa__'s base· Open — unwalled flank
Smoothed initial terrain · ◌ = detected wall gap · hover for details
Inputs per minute
— AOKI_Nyusika - - Gothrough Mothrough
Build order — AOKI_Nyusika
First 150 of 359 actions detected
| 0:07 | Build | Town Center |
| 0:12 | Build | Dock |
| 0:14 | Build | House |
| 2:33 | Create | Villager (Male) |
| 2:34 | Create | Villager (Male) |
| 2:34 | Create | Villager (Male) |
| 2:36 | Create | Villager (Male) |
| 2:36 | Create | Villager (Male) |
| 3:23 | Create | Villager (Male) |
| 3:24 | Create | Villager (Male) |
| 3:44 | Create | Fishing Ship |
| 3:44 | Create | Fishing Ship |
| 3:58 | Build | House |
| 4:27 | Create | Villager (Male) |
| 5:01 | Create | Villager (Male) |
| 5:02 | Create | Villager (Male) |
| 5:02 | Create | Villager (Male) |
| 5:10 | Build | House |
| 5:27 | Create | Villager (Male) |
| 5:27 | Create | Villager (Male) |
| 5:29 | Create | Fishing Ship |
| 5:29 | Create | Fishing Ship |
| 5:58 | Create | Villager (Male) |
| 5:58 | Create | Villager (Male) |
| 6:03 | Build | House |
| 6:16 | Create | Fishing Ship |
| 6:16 | Create | Fishing Ship |
| 6:23 | Create | Villager (Male) |
| 6:45 | Create | Fishing Ship |
| 6:55 | Create | Villager (Male) |
| 6:55 | Create | Villager (Male) |
| 7:06 | Build | House |
| 7:14 | Create | Villager (Male) |
| 7:14 | Create | Villager (Male) |
| 7:33 | Create | Villager (Male) |
| 7:45 | Create | Fishing Ship |
| 7:49 | Create | Villager (Male) |
| 7:49 | Create | Villager (Male) |
| 8:09 | Create | Fishing Ship |
| 8:13 | Create | Villager (Male) |
| 8:30 | Create | Villager (Male) |
| 8:52 | Build | Mill |
| 8:58 | Create | Villager (Male) |
| 9:24 | Build | Mule Cart |
| 9:25 | Create | Villager (Male) |
| 10:08 | Create | Villager (Male) |
| 10:13 | Build | House |
| 10:21 | Build | Dock |
| 10:44 | Research | Feudal Age |
| 10:44 | Research | Feudal Age |
| 10:44 | Research | Feudal Age |
| 10:53 | Research | Loom |
| 10:53 | Research | Loom |
| 10:57 | Create | Villager (Male) |
| 11:49 | Build | House |
| 12:36 | Build | Palisade Wall |
| 12:54 | Age | Feudal Age |
| 12:55 | Build | Market |
| 12:56 | Build | Blacksmith |
| 13:15 | Build | Mule Cart |
| 13:43 | Research | Castle Age |
| 13:43 | Research | Castle Age |
| 13:55 | Create | Fire Galley |
| 13:55 | Create | Fire Galley |
| 14:13 | Research | Double-Bit Axe |
| 14:13 | Research | Double-Bit Axe |
| 14:13 | Research | Double-Bit Axe |
| 14:24 | Create | Villager (Male) |
| 14:45 | Create | Fire Galley |
| 14:59 | Create | Fire Galley |
| 14:59 | Create | Fire Galley |
| 15:20 | Create | Unit 2626 |
| 15:20 | Create | Unit 2626 |
| 15:30 | Research | Forging |
| 15:36 | Create | Galley |
| 15:38 | Create | Unit 2626 |
| 16:21 | Create | Unit 2626 |
| 16:24 | Age | Castle Age |
| 16:32 | Research | War Galley (upgrade) |
| 16:32 | Create | Villager (Male) |
| 16:46 | Create | Fire Galley |
| 16:46 | Create | Fire Galley |
| 16:53 | Build | House |
| 16:54 | Create | Villager (Male) |
| 17:14 | Create | Fire Galley |
| 17:14 | Create | Fire Galley |
| 17:15 | Create | Villager (Male) |
| 17:17 | Create | Villager (Male) |
| 17:31 | Create | Fire Galley |
| 17:31 | Create | Fire Galley |
| 17:33 | Build | House |
| 17:49 | Build | Dock |
| 17:58 | Create | Fire Galley |
| 17:58 | Create | Fire Galley |
| 18:17 | Create | Fire Galley |
| 18:17 | Create | Villager (Male) |
| 18:18 | Create | Villager (Male) |
| 18:19 | Create | Villager (Male) |
| 18:23 | Build | Mule Cart |
| 18:43 | Create | Fire Galley |
| 18:43 | Create | Fire Galley |
| 18:46 | Build | House |
| 18:52 | Create | Villager (Male) |
| 19:05 | Create | Unit 2626 |
| 19:05 | Create | Unit 2626 |
| 19:05 | Create | Unit 2626 |
| 19:40 | Build | Monastery |
| 19:52 | Create | Villager (Male) |
| 19:54 | Create | Fire Galley |
| 19:54 | Create | Fire Galley |
| 19:55 | Create | Fire Galley |
| 19:55 | Create | Fire Galley |
| 20:00 | Research | Bow Saw |
| 20:00 | Research | Bow Saw |
| 20:09 | Create | Unit 2626 |
| 20:10 | Create | Unit 2626 |
| 20:18 | Create | Villager (Male) |
| 20:28 | Build | House |
| 20:32 | Create | Villager (Male) |
| 20:40 | Create | Unit 2626 |
| 20:40 | Create | Unit 2626 |
| 20:40 | Create | Unit 2626 |
| 20:43 | Research | Scale Mail Armor |
| 20:59 | Create | Unit 2626 |
| 20:59 | Create | Unit 2626 |
| 20:59 | Create | Unit 2626 |
| 21:08 | Create | Villager (Male) |
| 21:29 | Build | Town Center |
| 21:35 | Create | Villager (Male) |
| 21:36 | Create | Monk |
| 21:44 | Create | Villager (Male) |
| 21:49 | Create | Villager (Male) |
| 21:54 | Research | Horse Collar |
| 21:54 | Create | Villager (Male) |
| 21:59 | Build | House |
| 22:05 | Create | Fire Galley |
| 22:06 | Create | Fire Galley |
| 22:06 | Create | Fire Galley |
| 22:11 | Create | Villager (Male) |
| 22:23 | Create | Fire Galley |
| 22:23 | Create | Fire Galley |
| 22:27 | Create | Unit 2626 |
| 22:27 | Create | Unit 2626 |
| 22:38 | Build | House |
| 22:53 | Create | Fire Galley |
| 22:53 | Create | Fire Galley |
| 22:54 | Create | Villager (Male) |
| 23:06 | Create | Unit 2626 |
| 23:06 | Create | Unit 2626 |
| 23:06 | Create | Unit 2626 |
Build order — Gothrough Mothrough
First 150 of 389 actions detected
| 0:04 | Build | Town Center |
| 0:46 | Build | Dock |
| 2:29 | Research | Loom |
| 2:29 | Research | Loom |
| 2:29 | Research | Loom |
| 3:21 | Create | Villager (Male) |
| 3:35 | Create | Fishing Ship |
| 3:36 | Create | Fishing Ship |
| 4:19 | Create | Fishing Ship |
| 4:51 | Create | Villager (Male) |
| 5:11 | Create | Villager (Male) |
| 5:40 | Create | Villager (Male) |
| 5:42 | Create | Fishing Ship |
| 5:42 | Create | Fishing Ship |
| 5:44 | Create | Villager (Male) |
| 6:12 | Create | Villager (Male) |
| 6:14 | Build | House |
| 6:23 | Build | House |
| 6:25 | Create | Villager (Male) |
| 6:25 | Create | Villager (Male) |
| 6:43 | Build | Palisade Wall |
| 6:44 | Build | Palisade Wall |
| 6:52 | Create | Fishing Ship |
| 6:52 | Create | Fishing Ship |
| 7:04 | Create | Villager (Male) |
| 7:09 | Create | Villager (Male) |
| 7:20 | Create | Fishing Ship |
| 7:45 | Build | Palisade Gate |
| 7:47 | Create | Villager (Male) |
| 7:48 | Build | Palisade Wall |
| 7:51 | Create | Villager (Male) |
| 7:56 | Create | Fishing Ship |
| 8:17 | Build | House |
| 8:20 | Create | Villager (Male) |
| 8:24 | Build | House |
| 8:28 | Create | Fishing Ship |
| 8:29 | Create | Fishing Ship |
| 8:36 | Build | House |
| 8:44 | Build | House |
| 8:45 | Create | Villager (Male) |
| 9:02 | Build | House |
| 9:03 | Create | Fishing Ship |
| 9:17 | Build | Palisade Wall |
| 9:18 | Create | Villager (Male) |
| 9:32 | Build | Palisade Wall |
| 9:36 | Create | Villager (Male) |
| 9:36 | Create | Villager (Male) |
| 9:50 | Build | Palisade Wall |
| 9:51 | Build | Palisade Wall |
| 9:55 | Create | Villager (Male) |
| 9:56 | Create | Villager (Male) |
| 9:58 | Create | Villager (Male) |
| 9:58 | Create | Villager (Male) |
| 10:05 | Build | Palisade Wall |
| 10:23 | Build | Dock |
| 10:25 | Build | Palisade Wall |
| 10:26 | Create | Villager (Male) |
| 10:27 | Create | Villager (Male) |
| 10:52 | Create | Fishing Ship |
| 11:06 | Create | Fishing Ship |
| 11:06 | Create | Fishing Ship |
| 11:09 | Build | Palisade Wall |
| 11:14 | Build | House |
| 11:16 | Create | Villager (Male) |
| 11:18 | Create | Villager (Male) |
| 11:21 | Create | Villager (Male) |
| 11:25 | Create | Villager (Male) |
| 11:41 | Create | Villager (Male) |
| 11:49 | Build | Lumber Camp |
| 11:50 | Create | Villager (Male) |
| 11:50 | Create | Villager (Male) |
| 11:56 | Create | Fishing Ship |
| 12:04 | Build | Palisade Wall |
| 12:08 | Build | Palisade Wall |
| 12:12 | Build | Palisade Wall |
| 12:23 | Build | Mining Camp |
| 12:34 | Create | Villager (Male) |
| 12:40 | Create | Fishing Ship |
| 12:51 | Research | Feudal Age |
| 12:51 | Research | Feudal Age |
| 13:02 | Build | Mining Camp |
| 13:07 | Create | Fishing Ship |
| 13:14 | Create | Villager (Male) |
| 13:20 | Create | Villager (Male) |
| 13:25 | Create | Fishing Ship |
| 13:40 | Create | Villager (Male) |
| 13:47 | Create | Fishing Ship |
| 13:47 | Create | Fishing Ship |
| 13:47 | Create | Fishing Ship |
| 13:47 | Create | Fishing Ship |
| 14:08 | Create | Villager (Male) |
| 14:10 | Build | Mill |
| 14:18 | Build | Palisade Wall |
| 14:19 | Build | Palisade Wall |
| 14:40 | Build | House |
| 15:04 | Age | Feudal Age |
| 15:08 | Build | Blacksmith |
| 15:14 | Build | Market |
| 15:41 | Build | Palisade Wall |
| 15:53 | Create | Unit 2626 |
| 16:12 | Create | Villager (Male) |
| 16:30 | Research | Castle Age |
| 16:30 | Research | Castle Age |
| 16:52 | Create | Villager (Male) |
| 16:53 | Create | Villager (Male) |
| 16:56 | Create | Unit 2626 |
| 16:57 | Create | Unit 2626 |
| 17:12 | Research | Gold Mining |
| 17:12 | Research | Gold Mining |
| 17:13 | Create | Villager (Male) |
| 17:13 | Create | Villager (Male) |
| 17:17 | Create | Unit 2626 |
| 17:17 | Create | Unit 2626 |
| 17:22 | Research | Double-Bit Axe |
| 17:22 | Research | Double-Bit Axe |
| 17:32 | Create | Unit 2626 |
| 17:33 | Create | Unit 2626 |
| 17:41 | Create | Villager (Male) |
| 17:41 | Create | Villager (Male) |
| 17:45 | Create | Villager (Male) |
| 18:38 | Create | Unit 2626 |
| 18:48 | Create | Villager (Male) |
| 19:03 | Create | Villager (Male) |
| 19:03 | Create | Villager (Male) |
| 19:11 | Create | Villager (Male) |
| 19:14 | Age | Castle Age |
| 19:24 | Create | Villager (Male) |
| 19:26 | Build | Castle |
| 19:31 | Create | Villager (Male) |
| 19:41 | Build | Stone Wall |
| 19:42 | Create | Villager (Male) |
| 19:46 | Create | Villager (Male) |
| 19:48 | Build | Outpost |
| 20:09 | Build | House |
| 20:10 | Build | House |
| 20:17 | Build | Palisade Gate |
| 20:29 | Create | Villager (Male) |
| 20:30 | Create | Villager (Male) |
| 20:33 | Research | Bow Saw |
| 20:34 | Create | Villager (Male) |
| 20:36 | Research | War Galley (upgrade) |
| 20:36 | Research | War Galley (upgrade) |
| 20:37 | Create | Villager (Male) |
| 20:44 | Research | Fletching |
| 20:44 | Research | Fletching |
| 20:45 | Create | Villager (Male) |
| 20:49 | Create | Villager (Male) |
| 20:51 | Build | Town Center |
| 21:02 | Create | Villager (Male) |
| 21:24 | Create | Villager (Male) |
Build order — 康寶羊
First 150 of 234 actions detected
| 0:11 | Build | Town Center |
| 1:06 | Build | Dock |
| 2:36 | Create | Villager (Male) |
| 2:36 | Create | Villager (Male) |
| 2:37 | Create | Villager (Male) |
| 2:37 | Create | Villager (Male) |
| 2:37 | Create | Villager (Male) |
| 2:37 | Create | Villager (Male) |
| 2:44 | Build | House |
| 3:47 | Create | Villager (Male) |
| 3:47 | Create | Villager (Male) |
| 3:59 | Create | Fishing Ship |
| 4:09 | Build | House |
| 4:50 | Create | Fishing Ship |
| 5:08 | Build | House |
| 5:32 | Create | Villager (Male) |
| 5:47 | Build | House |
| 5:53 | Create | Fishing Ship |
| 6:02 | Create | Villager (Male) |
| 6:02 | Create | Villager (Male) |
| 6:32 | Create | Villager (Male) |
| 6:32 | Create | Villager (Male) |
| 6:33 | Create | Fishing Ship |
| 6:33 | Create | Villager (Male) |
| 6:34 | Create | Villager (Male) |
| 6:54 | Create | Fishing Ship |
| 7:04 | Create | Fishing Ship |
| 7:10 | Build | House |
| 7:26 | Create | Villager (Male) |
| 7:26 | Create | Villager (Male) |
| 7:26 | Create | Villager (Male) |
| 7:36 | Create | Villager (Male) |
| 7:51 | Create | Fishing Ship |
| 8:11 | Create | Fishing Ship |
| 8:27 | Create | Villager (Male) |
| 8:28 | Create | Villager (Male) |
| 8:28 | Create | Villager (Male) |
| 8:30 | Build | House |
| 8:41 | Build | House |
| 8:50 | Create | Villager (Male) |
| 8:55 | Build | House |
| 9:02 | Build | House |
| 9:14 | Create | Fishing Ship |
| 9:35 | Build | House |
| 10:08 | Create | Villager (Male) |
| 10:09 | Create | Fishing Ship |
| 10:35 | Create | Villager (Male) |
| 10:39 | Build | Mill |
| 11:05 | Research | Feudal Age |
| 11:09 | Build | Mining Camp |
| 12:32 | Build | House |
| 12:34 | Build | House |
| 13:05 | Create | Villager (Male) |
| 13:15 | Age | Feudal Age |
| 13:17 | Build | Market |
| 13:22 | Build | Blacksmith |
| 13:47 | Create | Villager (Male) |
| 13:57 | Build | Dock |
| 14:07 | Research | Castle Age |
| 14:07 | Research | Castle Age |
| 14:10 | Build | House |
| 14:20 | Create | Unit 2626 |
| 14:21 | Create | Unit 2626 |
| 14:56 | Build | Lumber Camp |
| 15:10 | Create | Villager (Male) |
| 15:10 | Create | Villager (Male) |
| 15:11 | Create | Villager (Male) |
| 15:19 | Research | Double-Bit Axe |
| 15:20 | Research | Double-Bit Axe |
| 15:34 | Create | Villager (Male) |
| 15:38 | Create | Unit 2626 |
| 15:38 | Create | Unit 2626 |
| 15:53 | Create | Unit 2626 |
| 15:53 | Create | Unit 2626 |
| 15:58 | Create | Villager (Male) |
| 16:19 | Create | Unit 2626 |
| 16:19 | Create | Unit 2626 |
| 16:20 | Create | Villager (Male) |
| 16:33 | Create | Villager (Male) |
| 16:44 | Create | Unit 2626 |
| 16:44 | Create | Unit 2626 |
| 16:52 | Age | Castle Age |
| 17:21 | Create | Unit 2626 |
| 17:21 | Create | Unit 2626 |
| 17:22 | Create | Villager (Male) |
| 17:24 | Research | Bow Saw |
| 17:24 | Research | Bow Saw |
| 17:48 | Research | War Galley (upgrade) |
| 17:53 | Build | House |
| 18:02 | Create | Villager (Male) |
| 18:07 | Research | Loom |
| 18:07 | Research | Loom |
| 18:25 | Create | Unit 2626 |
| 18:25 | Create | Unit 2626 |
| 18:26 | Create | Villager (Male) |
| 18:29 | Create | Villager (Male) |
| 18:57 | Build | Dock |
| 19:23 | Create | Villager (Male) |
| 19:40 | Create | Unit 2626 |
| 19:40 | Create | Unit 2626 |
| 20:04 | Build | Palisade Wall |
| 20:15 | Create | Villager (Male) |
| 20:25 | Create | Villager (Male) |
| 20:37 | Create | Villager (Male) |
| 21:02 | Create | Villager (Male) |
| 21:04 | Create | Villager (Male) |
| 21:21 | Create | Villager (Male) |
| 21:42 | Build | Palisade Wall |
| 21:44 | Build | Palisade Wall |
| 21:47 | Build | Palisade Wall |
| 21:47 | Build | Palisade Wall |
| 21:48 | Build | Palisade Wall |
| 21:48 | Build | Palisade Wall |
| 21:50 | Create | Villager (Male) |
| 22:05 | Build | Monastery |
| 22:23 | Create | Unit 2626 |
| 22:23 | Create | Unit 2626 |
| 22:48 | Create | Unit 2626 |
| 22:48 | Create | Unit 2626 |
| 23:21 | Create | Unit 2626 |
| 23:21 | Create | Unit 2626 |
| 23:24 | Create | Villager (Male) |
| 23:32 | Create | Galley |
| 23:32 | Create | Unit 2626 |
| 24:02 | Create | Monk |
| 24:07 | Create | Villager (Male) |
| 24:09 | Create | Unit 2626 |
| 24:10 | Create | Unit 2626 |
| 24:10 | Create | Unit 2626 |
| 24:24 | Create | Villager (Male) |
| 24:49 | Create | Villager (Male) |
| 24:58 | Create | Unit 2626 |
| 24:58 | Create | Unit 2626 |
| 24:58 | Create | Villager (Male) |
| 25:33 | Create | Monk |
| 25:48 | Build | Barracks |
| 25:56 | Research | Fletching |
| 26:01 | Create | Villager (Male) |
| 26:12 | Create | Villager (Male) |
| 26:27 | Create | Spearman |
| 26:31 | Create | Spearman |
| 26:32 | Create | Villager (Male) |
| 26:55 | Build | House |
| 26:59 | Create | Spearman |
| 27:08 | Create | Spearman |
| 27:14 | Create | Villager (Male) |
| 27:22 | Build | House |
| 27:46 | Create | Spearman |
| 27:51 | Build | Palisade Wall |
| 27:54 | Create | Villager (Male) |
Build order — AOKI_Thanouille
First 150 of 432 actions detected
| 0:19 | Build | Town Center |
| 0:30 | Build | Dock |
| 0:32 | Build | House |
| 0:34 | Build | Palisade Wall |
| 2:44 | Create | Villager (Male) |
| 2:45 | Create | Villager (Male) |
| 2:47 | Create | Villager (Male) |
| 2:48 | Create | Villager (Male) |
| 2:48 | Create | Villager (Male) |
| 3:32 | Create | Villager (Male) |
| 3:44 | Create | Fishing Ship |
| 3:44 | Create | Fishing Ship |
| 4:27 | Create | Villager (Male) |
| 4:27 | Create | Villager (Male) |
| 4:41 | Build | House |
| 4:57 | Create | Villager (Male) |
| 5:23 | Create | Villager (Male) |
| 5:23 | Create | Villager (Male) |
| 5:40 | Build | House |
| 5:48 | Create | Fishing Ship |
| 5:51 | Create | Villager (Male) |
| 5:51 | Create | Villager (Male) |
| 6:04 | Build | House |
| 6:19 | Create | Villager (Male) |
| 6:19 | Create | Villager (Male) |
| 6:47 | Create | Fishing Ship |
| 6:49 | Create | Villager (Male) |
| 6:59 | Build | House |
| 7:11 | Create | Villager (Male) |
| 7:24 | Create | Fishing Ship |
| 7:27 | Create | Villager (Male) |
| 7:31 | Build | House |
| 7:45 | Build | House |
| 7:54 | Create | Villager (Male) |
| 8:03 | Build | House |
| 8:08 | Create | Villager (Male) |
| 8:15 | Create | Fishing Ship |
| 8:21 | Build | House |
| 8:30 | Create | Villager (Male) |
| 8:30 | Create | Villager (Male) |
| 8:38 | Create | Villager (Male) |
| 8:39 | Create | Villager (Male) |
| 8:44 | Create | Fishing Ship |
| 8:55 | Create | Villager (Male) |
| 8:55 | Create | Villager (Male) |
| 9:10 | Create | Fishing Ship |
| 9:28 | Create | Villager (Male) |
| 9:39 | Build | Lumber Camp |
| 10:14 | Research | Feudal Age |
| 10:14 | Research | Feudal Age |
| 10:42 | Research | Loom |
| 10:47 | Build | Mining Camp |
| 10:56 | Build | House |
| 12:07 | Build | Dock |
| 12:08 | Build | House |
| 12:24 | Age | Feudal Age |
| 12:27 | Build | Stable |
| 12:28 | Create | Unit 2626 |
| 12:40 | Create | Villager (Male) |
| 12:41 | Research | Town Watch |
| 12:48 | Research | Double-Bit Axe |
| 12:48 | Research | Double-Bit Axe |
| 13:12 | Create | Scout Cavalry |
| 13:12 | Create | Scout Cavalry |
| 13:12 | Create | Scout Cavalry |
| 13:14 | Create | Villager (Male) |
| 13:29 | Build | Mill |
| 13:40 | Create | Unit 2626 |
| 13:45 | Build | House |
| 13:55 | Create | Villager (Male) |
| 14:15 | Create | Villager (Male) |
| 14:21 | Research | Horse Collar |
| 14:26 | Build | House |
| 14:35 | Build | Farm |
| 14:36 | Build | Farm |
| 14:37 | Create | Villager (Male) |
| 14:44 | Create | Scout Cavalry |
| 14:49 | Build | Farm |
| 14:50 | Build | Farm |
| 15:03 | Create | Villager (Male) |
| 15:04 | Build | House |
| 15:04 | Create | Villager (Male) |
| 15:16 | Create | Scout Cavalry |
| 15:16 | Create | Scout Cavalry |
| 15:29 | Build | Farm |
| 15:32 | Create | Villager (Male) |
| 15:47 | Build | Farm |
| 15:48 | Build | Farm |
| 16:03 | Create | Unit 2626 |
| 16:03 | Create | Unit 2626 |
| 16:23 | Create | Villager (Male) |
| 16:40 | Create | Villager (Male) |
| 16:46 | Build | Lumber Camp |
| 17:05 | Research | Castle Age |
| 17:05 | Research | Castle Age |
| 17:12 | Build | Stone Wall |
| 17:37 | Research | Bloodlines |
| 17:37 | Research | Bloodlines |
| 17:57 | Build | Stone Wall |
| 17:59 | Build | Mining Camp |
| 18:11 | Create | Villager (Male) |
| 18:36 | Build | Blacksmith |
| 18:42 | Build | Outpost |
| 18:50 | Create | Scout Cavalry |
| 18:51 | Create | Scout Cavalry |
| 19:12 | Build | House |
| 19:13 | Create | Villager (Male) |
| 19:18 | Research | Scale Barding Armor |
| 19:18 | Research | Scale Barding Armor |
| 19:45 | Age | Castle Age |
| 19:47 | Research | Light Cavalry (upgrade) |
| 19:55 | Create | Unit 2626 |
| 19:57 | Create | Unit 2626 |
| 20:05 | Research | Bow Saw |
| 20:05 | Research | Bow Saw |
| 20:06 | Create | Villager (Male) |
| 20:15 | Build | House |
| 20:17 | Research | Forging |
| 20:17 | Research | Forging |
| 20:17 | Create | Villager (Male) |
| 20:25 | Create | Scout Cavalry |
| 20:38 | Create | Villager (Male) |
| 21:04 | Create | Unit 2626 |
| 21:04 | Create | Unit 2626 |
| 21:05 | Create | Unit 2626 |
| 21:06 | Create | Villager (Male) |
| 21:09 | Create | Villager (Male) |
| 21:13 | Create | Villager (Male) |
| 21:19 | Build | House |
| 21:19 | Create | Villager (Male) |
| 21:30 | Create | Villager (Male) |
| 21:41 | Create | Villager (Male) |
| 21:48 | Build | Town Center |
| 21:51 | Create | Scout Cavalry |
| 21:59 | Research | Chain Barding Armor |
| 22:01 | Build | House |
| 22:07 | Create | Villager (Male) |
| 22:15 | Build | Farm |
| 22:21 | Research | Husbandry |
| 22:21 | Research | Husbandry |
| 22:34 | Create | Villager (Male) |
| 22:36 | Build | House |
| 22:47 | Create | Villager (Male) |
| 22:54 | Create | Villager (Male) |
| 22:54 | Create | Villager (Male) |
| 23:03 | Create | Scout Cavalry |
| 23:03 | Create | Scout Cavalry |
| 23:11 | Build | Farm |
| 23:12 | Build | Farm |
| 23:13 | Create | Villager (Male) |
Build order — 虎蹲压制大脑喷气代替思考敌人不倒我倒
First 150 of 527 actions detected
| 0:21 | Build | Town Center |
| 0:29 | Build | Dock |
| 0:31 | Build | House |
| 2:48 | Create | Villager (Male) |
| 2:49 | Create | Villager (Male) |
| 2:49 | Create | Villager (Male) |
| 2:49 | Create | Villager (Male) |
| 2:49 | Create | Villager (Male) |
| 2:49 | Create | Villager (Male) |
| 3:36 | Create | Villager (Male) |
| 3:36 | Create | Villager (Male) |
| 3:55 | Create | Fishing Ship |
| 3:56 | Create | Fishing Ship |
| 4:29 | Build | House |
| 4:40 | Create | Villager (Male) |
| 4:41 | Create | Villager (Male) |
| 5:20 | Create | Villager (Male) |
| 5:20 | Create | Villager (Male) |
| 5:44 | Create | Fishing Ship |
| 5:44 | Create | Fishing Ship |
| 5:50 | Create | Villager (Male) |
| 5:50 | Create | Villager (Male) |
| 5:58 | Create | Villager (Male) |
| 5:59 | Create | Villager (Male) |
| 6:11 | Create | Villager (Male) |
| 6:11 | Create | Villager (Male) |
| 6:12 | Create | Villager (Male) |
| 6:35 | Create | Villager (Male) |
| 6:37 | Create | Fishing Ship |
| 6:37 | Create | Fishing Ship |
| 6:43 | Research | Loom |
| 6:43 | Research | Loom |
| 6:47 | Build | House |
| 6:50 | Create | Villager (Male) |
| 6:59 | Create | Villager (Male) |
| 7:16 | Build | House |
| 7:24 | Create | Villager (Male) |
| 7:31 | Create | Villager (Male) |
| 7:34 | Create | Fishing Ship |
| 7:55 | Create | Villager (Male) |
| 8:04 | Build | House |
| 8:12 | Create | Villager (Male) |
| 8:18 | Create | Fishing Ship |
| 8:30 | Create | Villager (Male) |
| 8:45 | Build | House |
| 8:49 | Build | Palisade Wall |
| 8:55 | Create | Villager (Male) |
| 9:01 | Create | Fishing Ship |
| 9:02 | Create | Fishing Ship |
| 9:07 | Create | Villager (Male) |
| 9:17 | Create | Villager (Male) |
| 9:25 | Create | Villager (Male) |
| 9:46 | Create | Villager (Male) |
| 9:47 | Create | Villager (Male) |
| 9:55 | Create | Fishing Ship |
| 10:19 | Build | Mill |
| 10:58 | Build | Mining Camp |
| 11:04 | Research | Feudal Age |
| 11:04 | Research | Feudal Age |
| 11:05 | Research | Feudal Age |
| 11:42 | Create | Fishing Ship |
| 12:16 | Build | House |
| 12:27 | Create | Fishing Ship |
| 13:04 | Create | Villager (Male) |
| 13:04 | Create | Villager (Male) |
| 13:14 | Age | Feudal Age |
| 13:17 | Build | Market |
| 13:19 | Create | Villager (Male) |
| 13:19 | Research | Wheelbarrow |
| 13:21 | Build | Blacksmith |
| 14:05 | Research | Castle Age |
| 14:05 | Research | Castle Age |
| 14:25 | Build | Lumber Camp |
| 14:59 | Research | Double-Bit Axe |
| 15:00 | Research | Double-Bit Axe |
| 15:00 | Research | Double-Bit Axe |
| 15:07 | Build | House |
| 15:09 | Build | House |
| 15:11 | Build | House |
| 15:12 | Build | Palisade Wall |
| 15:14 | Build | Palisade Wall |
| 15:16 | Build | Palisade Wall |
| 15:53 | Build | Dock |
| 16:26 | Create | Villager (Male) |
| 16:40 | Create | Villager (Male) |
| 16:45 | Age | Castle Age |
| 16:51 | Build | Castle |
| 16:57 | Build | Palisade Wall |
| 16:59 | Build | Palisade Wall |
| 17:08 | Create | Villager (Male) |
| 17:27 | Create | Unit 2626 |
| 17:27 | Create | Unit 2626 |
| 17:29 | Create | Villager (Male) |
| 17:40 | Build | Palisade Wall |
| 17:48 | Create | Ratha (Ranged) |
| 18:03 | Create | Villager (Male) |
| 18:10 | Create | Villager (Male) |
| 18:19 | Build | Town Center |
| 18:25 | Build | Palisade Wall |
| 18:27 | Build | Palisade Wall |
| 18:29 | Build | Palisade Wall |
| 18:32 | Create | Villager (Male) |
| 18:46 | Research | War Galley (upgrade) |
| 18:51 | Create | Villager (Male) |
| 19:08 | Create | Villager (Male) |
| 19:11 | Research | Bow Saw |
| 19:11 | Research | Bow Saw |
| 19:23 | Create | Villager (Male) |
| 19:37 | Create | Villager (Male) |
| 19:41 | Create | Villager (Male) |
| 19:46 | Build | Town Center |
| 19:59 | Create | Villager (Male) |
| 20:02 | Create | Unit 2626 |
| 20:02 | Create | Unit 2626 |
| 20:05 | Create | Villager (Male) |
| 20:17 | Create | Villager (Male) |
| 20:23 | Create | Villager (Male) |
| 20:27 | Build | Monastery |
| 20:30 | Research | Town Watch |
| 20:31 | Create | Villager (Male) |
| 20:37 | Build | House |
| 20:38 | Build | House |
| 20:39 | Create | Villager (Male) |
| 20:54 | Create | Fishing Ship |
| 20:54 | Create | Fishing Ship |
| 20:56 | Build | Dock |
| 21:14 | Create | Villager (Male) |
| 21:16 | Create | Villager (Male) |
| 21:20 | Create | Villager (Male) |
| 21:20 | Create | Villager (Male) |
| 21:20 | Create | Villager (Male) |
| 21:21 | Create | Villager (Male) |
| 21:28 | Create | Monk |
| 21:34 | Create | Unit 2626 |
| 21:34 | Create | Unit 2626 |
| 21:51 | Build | House |
| 21:52 | Build | House |
| 22:00 | Build | House |
| 22:03 | Create | Villager (Male) |
| 22:04 | Create | Villager (Male) |
| 22:18 | Create | Villager (Male) |
| 22:19 | Create | Villager (Male) |
| 22:31 | Create | Villager (Male) |
| 22:31 | Create | Villager (Male) |
| 22:39 | Build | Town Center |
| 22:48 | Create | Fishing Ship |
| 22:48 | Create | Fishing Ship |
| 22:49 | Create | Fishing Ship |
| 22:51 | Create | Villager (Male) |
| 22:51 | Create | Villager (Male) |
Build order — Proctologue
First 150 of 269 actions detected
| 0:08 | Build | Town Center |
| 0:52 | Build | Dock |
| 1:55 | Build | House |
| 2:26 | Create | Villager (Male) |
| 2:26 | Create | Villager (Male) |
| 2:27 | Create | Villager (Male) |
| 2:27 | Create | Villager (Male) |
| 2:27 | Create | Villager (Male) |
| 3:34 | Create | Fishing Ship |
| 3:34 | Create | Fishing Ship |
| 4:12 | Create | Villager (Male) |
| 4:12 | Create | Villager (Male) |
| 4:15 | Build | House |
| 4:32 | Create | Fishing Ship |
| 4:32 | Create | Fishing Ship |
| 5:10 | Research | Loom |
| 5:11 | Research | Loom |
| 5:17 | Create | Fishing Ship |
| 5:18 | Create | Fishing Ship |
| 5:21 | Build | House |
| 5:48 | Create | Villager (Male) |
| 5:48 | Create | Villager (Male) |
| 6:02 | Create | Fishing Ship |
| 6:02 | Create | Fishing Ship |
| 6:28 | Create | Villager (Male) |
| 6:28 | Create | Villager (Male) |
| 6:49 | Create | Villager (Male) |
| 6:49 | Create | Villager (Male) |
| 6:59 | Create | Fishing Ship |
| 6:59 | Create | Fishing Ship |
| 7:19 | Create | Villager (Male) |
| 7:19 | Create | Villager (Male) |
| 7:26 | Create | Fishing Ship |
| 7:26 | Create | Fishing Ship |
| 7:33 | Create | Villager (Male) |
| 7:33 | Create | Villager (Male) |
| 7:55 | Create | Villager (Male) |
| 8:11 | Create | Villager (Male) |
| 8:25 | Create | Villager (Male) |
| 8:29 | Create | Fishing Ship |
| 8:34 | Build | House |
| 8:56 | Build | Lumber Camp |
| 9:24 | Create | Villager (Male) |
| 9:46 | Create | Villager (Male) |
| 9:55 | Research | Feudal Age |
| 9:55 | Research | Feudal Age |
| 10:06 | Build | Dock |
| 10:26 | Build | House |
| 10:43 | Build | House |
| 10:50 | Create | Fishing Ship |
| 10:51 | Create | Fishing Ship |
| 11:02 | Create | Fishing Ship |
| 11:20 | Build | Mining Camp |
| 11:29 | Build | House |
| 11:32 | Create | Villager (Male) |
| 11:42 | Create | Villager (Male) |
| 11:52 | Create | Fishing Ship |
| 11:53 | Create | Villager (Male) |
| 12:05 | Age | Feudal Age |
| 12:16 | Create | Villager (Male) |
| 12:19 | Create | Villager (Male) |
| 12:22 | Build | Barracks |
| 12:26 | Create | Villager (Male) |
| 12:27 | Create | Villager (Male) |
| 12:32 | Research | Double-Bit Axe |
| 12:32 | Research | Double-Bit Axe |
| 12:54 | Build | House |
| 13:09 | Create | Fishing Ship |
| 13:16 | Create | Villager (Male) |
| 13:41 | Build | Stable |
| 13:46 | Create | Villager (Male) |
| 13:49 | Create | Fishing Ship |
| 13:49 | Create | Fishing Ship |
| 14:00 | Create | Villager (Male) |
| 14:27 | Build | Blacksmith |
| 14:33 | Create | Villager (Male) |
| 14:34 | Create | Scout Cavalry |
| 14:51 | Create | Villager (Male) |
| 15:12 | Build | Dock |
| 15:15 | Create | Villager (Male) |
| 15:26 | Build | Mill |
| 15:33 | Create | Fishing Ship |
| 15:33 | Create | Fishing Ship |
| 15:44 | Build | Lumber Camp |
| 15:53 | Create | Villager (Male) |
| 15:56 | Build | House |
| 16:02 | Research | Wheelbarrow |
| 16:11 | Create | Scout Cavalry |
| 16:19 | Research | Forging |
| 16:24 | Create | Scout Cavalry |
| 16:43 | Create | Scout Cavalry |
| 16:51 | Build | House |
| 16:57 | Build | Outpost |
| 17:00 | Build | Stable |
| 17:10 | Build | Market |
| 17:44 | Create | Fishing Ship |
| 17:59 | Build | House |
| 18:04 | Research | Castle Age |
| 18:20 | Create | Scout Cavalry |
| 18:20 | Create | Scout Cavalry |
| 18:31 | Build | Mining Camp |
| 18:43 | Create | Scout Cavalry |
| 19:10 | Build | Outpost |
| 19:43 | Create | Scout Cavalry |
| 19:44 | Create | Scout Cavalry |
| 19:48 | Build | Watch Tower |
| 20:36 | Build | House |
| 20:44 | Age | Castle Age |
| 20:54 | Create | Camel Scout |
| 20:56 | Create | Camel Scout |
| 21:07 | Build | Town Center |
| 21:54 | Create | Scout Cavalry |
| 21:54 | Create | Scout Cavalry |
| 22:33 | Create | Villager (Male) |
| 22:33 | Create | Villager (Male) |
| 22:41 | Build | Mining Camp |
| 22:49 | Create | Fishing Ship |
| 22:53 | Create | Fishing Ship |
| 22:55 | Create | Villager (Male) |
| 23:06 | Create | Villager (Male) |
| 23:06 | Create | Villager (Male) |
| 23:09 | Create | Villager (Male) |
| 23:12 | Create | Fishing Ship |
| 23:33 | Create | Villager (Male) |
| 23:48 | Create | Villager (Male) |
| 23:56 | Create | Fishing Ship |
| 24:02 | Create | Villager (Male) |
| 24:08 | Build | House |
| 24:09 | Create | Villager (Male) |
| 24:31 | Build | Stone Wall |
| 24:35 | Create | Villager (Male) |
| 24:40 | Create | Villager (Male) |
| 24:40 | Create | Villager (Male) |
| 24:40 | Create | Villager (Male) |
| 24:47 | Create | Scout Cavalry |
| 24:47 | Create | Scout Cavalry |
| 24:48 | Create | Scout Cavalry |
| 24:48 | Create | Scout Cavalry |
| 24:49 | Create | Scout Cavalry |
| 24:51 | Research | Forging |
| 24:57 | Create | Villager (Male) |
| 25:20 | Build | Stone Wall |
| 25:23 | Create | Villager (Male) |
| 25:27 | Build | Town Center |
| 26:35 | Create | Villager (Male) |
| 26:39 | Create | Villager (Male) |
| 27:00 | Create | Villager (Male) |
| 27:00 | Create | Villager (Male) |
| 27:00 | Create | Villager (Male) |
| 27:01 | Create | Villager (Male) |
Build order — Danatis
First 150 of 356 actions detected
| 0:09 | Build | Town Center |
| 0:25 | Build | Dock |
| 1:56 | Build | House |
| 2:32 | Create | Villager (Male) ×4 |
| 2:32 | Create | Villager (Male) ×4 |
| 3:16 | Create | Villager (Male) |
| 3:52 | Create | Fishing Ship |
| 3:52 | Create | Fishing Ship |
| 4:37 | Create | Villager (Male) |
| 4:37 | Create | Villager (Male) |
| 4:37 | Create | Villager (Male) |
| 4:41 | Build | House |
| 5:04 | Research | Loom |
| 5:20 | Create | Villager (Male) |
| 5:20 | Create | Villager (Male) |
| 5:33 | Build | House |
| 5:46 | Create | Fishing Ship |
| 5:47 | Create | Fishing Ship |
| 5:48 | Create | Villager (Male) |
| 5:58 | Create | Villager (Male) |
| 6:14 | Build | House |
| 6:34 | Create | Villager (Male) |
| 6:34 | Create | Villager (Male) |
| 6:48 | Create | Fishing Ship |
| 7:08 | Create | Villager (Male) |
| 7:18 | Build | House |
| 7:20 | Build | House |
| 7:23 | Build | House |
| 7:25 | Create | Villager (Male) |
| 7:25 | Create | Villager (Male) |
| 7:49 | Create | Fishing Ship |
| 7:51 | Create | Villager (Male) |
| 7:51 | Create | Villager (Male) |
| 8:03 | Create | Villager (Male) |
| 8:19 | Build | House |
| 8:27 | Create | Fishing Ship |
| 8:32 | Create | Villager (Male) ×2 |
| 8:32 | Create | Villager (Male) ×2 |
| 9:01 | Build | Mill |
| 9:13 | Create | Villager (Male) |
| 9:26 | Build | House |
| 9:36 | Create | Villager (Male) |
| 9:37 | Create | Villager (Male) |
| 10:14 | Create | Fishing Ship |
| 10:17 | Create | Villager (Male) |
| 10:17 | Create | Villager (Male) |
| 11:08 | Build | Mining Camp |
| 11:20 | Research | Feudal Age |
| 11:20 | Research | Feudal Age |
| 11:20 | Research | Feudal Age |
| 11:38 | Build | Mining Camp |
| 11:41 | Build | Mining Camp |
| 12:07 | Create | Villager (Male) |
| 12:46 | Build | Palisade Wall |
| 12:50 | Build | Palisade Wall |
| 12:54 | Build | House |
| 13:00 | Build | Palisade Wall |
| 13:00 | Build | Palisade Wall |
| 13:11 | Build | Palisade Wall |
| 13:11 | Build | Palisade Wall |
| 13:26 | Build | House |
| 13:30 | Age | Feudal Age |
| 13:34 | Build | Market |
| 13:35 | Build | Blacksmith |
| 13:57 | Create | Villager (Male) |
| 14:23 | Research | Castle Age |
| 14:23 | Research | Castle Age |
| 15:14 | Research | Padded Archer Armor |
| 16:11 | Create | Villager (Male) |
| 16:11 | Create | Villager (Male) |
| 16:25 | Build | Palisade Wall |
| 16:26 | Build | Palisade Wall |
| 16:27 | Build | Palisade Wall |
| 16:29 | Build | Palisade Wall |
| 17:03 | Age | Castle Age |
| 17:12 | Build | Castle |
| 17:24 | Create | Villager (Male) |
| 17:26 | Build | House |
| 17:30 | Build | Palisade Gate |
| 17:33 | Build | Palisade Wall |
| 17:38 | Build | Palisade Wall |
| 17:40 | Build | Palisade Wall |
| 17:53 | Create | Villager (Male) |
| 18:06 | Create | Conquistador |
| 18:06 | Create | Conquistador |
| 18:32 | Create | Conquistador |
| 18:44 | Create | Conquistador |
| 18:45 | Create | Villager (Male) ×3 |
| 18:54 | Build | Lumber Camp |
| 19:12 | Create | Villager (Male) |
| 19:24 | Create | Villager (Male) |
| 19:28 | Research | Double-Bit Axe |
| 19:29 | Create | Villager (Male) |
| 19:43 | Create | Villager (Male) |
| 19:49 | Create | Conquistador |
| 19:49 | Create | Conquistador |
| 19:53 | Build | Farm |
| 19:53 | Build | Farm |
| 19:55 | Create | Villager (Male) |
| 20:23 | Create | Villager (Male) |
| 20:30 | Build | Farm |
| 20:30 | Build | Farm |
| 20:37 | Create | Villager (Male) |
| 20:42 | Create | Villager (Male) |
| 20:56 | Build | House |
| 20:56 | Build | House |
| 20:57 | Create | Villager (Male) |
| 21:01 | Build | Palisade Wall |
| 21:01 | Build | Palisade Wall |
| 21:02 | Build | Palisade Wall |
| 21:03 | Build | Palisade Wall |
| 21:12 | Create | Conquistador |
| 21:16 | Create | Fishing Ship |
| 21:17 | Create | Fishing Ship |
| 21:24 | Build | Dock |
| 21:29 | Create | Conquistador |
| 21:29 | Create | Conquistador |
| 21:40 | Create | Conquistador |
| 21:41 | Create | Conquistador |
| 21:45 | Create | Villager (Male) |
| 21:45 | Create | Villager (Male) |
| 21:55 | Build | Farm |
| 21:55 | Build | Farm |
| 21:55 | Build | Farm |
| 21:55 | Build | Farm |
| 22:01 | Create | Conquistador |
| 22:01 | Create | Conquistador |
| 22:15 | Create | Villager (Male) |
| 22:33 | Create | Villager (Male) |
| 22:42 | Create | Villager (Male) |
| 22:42 | Create | Villager (Male) |
| 22:42 | Create | Villager (Male) |
| 22:43 | Build | Barracks |
| 22:48 | Create | Fishing Ship |
| 22:48 | Create | Fishing Ship |
| 22:53 | Create | Villager (Male) ×3 |
| 22:55 | Build | House |
| 22:55 | Build | House |
| 23:03 | Build | Palisade Wall |
| 23:10 | Create | Villager (Male) |
| 23:11 | Build | University |
| 23:13 | Build | Monastery |
| 23:20 | Research | Horse Collar |
| 23:21 | Create | Villager (Male) ×3 |
| 23:29 | Create | Conquistador |
| 23:38 | Create | Conquistador |
| 23:39 | Create | Villager (Male) ×3 |
| 23:39 | Create | Villager (Male) ×3 |
| 23:59 | Create | Villager (Male) ×2 |
| 24:01 | Build | Stable |
Build order — AOKI_ViDa__
First 150 of 308 actions detected
| 1:44 | Build | Dock |
| 1:55 | Build | Town Center |
| 2:38 | Build | House |
| 2:40 | Build | Palisade Wall |
| 2:44 | Build | Palisade Wall |
| 3:53 | Create | Villager (Male) |
| 3:53 | Create | Villager (Male) |
| 3:54 | Create | Villager (Male) |
| 3:54 | Create | Villager (Male) |
| 3:54 | Create | Villager (Male) |
| 5:32 | Create | Fishing Ship |
| 5:44 | Create | Villager (Male) |
| 5:45 | Research | Loom |
| 6:34 | Create | Villager (Male) |
| 6:34 | Create | Villager (Male) |
| 6:35 | Create | Fishing Ship |
| 6:44 | Build | House |
| 7:08 | Create | Villager (Male) |
| 7:29 | Create | Villager (Male) |
| 7:30 | Create | Villager (Male) |
| 7:55 | Build | House |
| 8:04 | Build | Palisade Wall |
| 8:08 | Build | Palisade Wall |
| 8:14 | Build | House |
| 8:25 | Create | Villager (Male) |
| 8:26 | Create | Villager (Male) |
| 8:27 | Create | Fishing Ship |
| 8:56 | Build | House |
| 9:00 | Create | Villager (Male) |
| 9:00 | Create | Villager (Male) |
| 9:24 | Create | Fishing Ship |
| 9:29 | Create | Villager (Male) |
| 9:29 | Create | Villager (Male) |
| 9:30 | Create | Villager (Male) |
| 9:49 | Create | Villager (Male) |
| 10:00 | Create | Villager (Male) |
| 10:02 | Create | Fishing Ship |
| 10:20 | Build | House |
| 10:30 | Build | Palisade Wall |
| 10:36 | Create | Villager (Male) |
| 11:02 | Create | Fishing Ship |
| 11:18 | Create | Villager (Male) |
| 11:26 | Build | Palisade Wall |
| 11:30 | Build | Palisade Wall |
| 11:32 | Build | Palisade Wall |
| 11:35 | Build | Palisade Wall |
| 11:38 | Create | Villager (Male) |
| 11:48 | Build | Lumber Camp |
| 12:24 | Create | Villager (Male) |
| 12:25 | Create | Fishing Ship |
| 12:44 | Build | House |
| 12:47 | Build | Palisade Wall |
| 12:49 | Create | Villager (Male) |
| 12:53 | Build | Mining Camp |
| 13:32 | Research | Feudal Age |
| 13:43 | Build | Palisade Wall |
| 13:45 | Build | Palisade Wall |
| 13:46 | Build | Palisade Wall |
| 13:47 | Build | Palisade Wall |
| 13:47 | Build | Palisade Wall |
| 14:24 | Build | Palisade Wall |
| 15:10 | Build | Mill |
| 15:45 | Age | Feudal Age |
| 15:47 | Create | Villager (Male) |
| 15:47 | Create | Villager (Male) |
| 15:51 | Build | Market |
| 15:56 | Build | Blacksmith |
| 16:42 | Build | House |
| 16:45 | Research | Castle Age |
| 17:09 | Research | Double-Bit Axe |
| 17:51 | Build | House |
| 18:04 | Research | Horse Collar |
| 18:43 | Build | Barracks |
| 19:25 | Age | Castle Age |
| 19:29 | Create | Villager (Male) |
| 19:29 | Create | Villager (Male) |
| 19:30 | Create | Villager (Male) |
| 19:36 | Build | Town Center |
| 19:41 | Build | Archery Range |
| 19:44 | Build | Archery Range |
| 19:49 | Research | Fletching |
| 19:51 | Research | Bow Saw |
| 20:03 | Build | Town Center |
| 20:12 | Build | House |
| 20:13 | Build | House |
| 20:37 | Create | Villager (Male) |
| 20:48 | Create | Archer |
| 20:48 | Create | Archer |
| 20:57 | Create | Archer |
| 20:58 | Create | Archer |
| 21:11 | Research | Wheelbarrow |
| 21:14 | Create | Villager (Male) |
| 21:35 | Create | Archer |
| 21:36 | Create | Archer |
| 21:39 | Build | House |
| 21:40 | Build | House |
| 21:51 | Build | House |
| 21:57 | Create | Villager (Male) |
| 21:57 | Create | Villager (Male) |
| 22:10 | Create | Villager (Male) |
| 22:11 | Create | Villager (Male) |
| 22:11 | Create | Villager (Male) |
| 22:11 | Create | Villager (Male) |
| 22:16 | Build | House |
| 22:16 | Build | House |
| 22:22 | Build | Farm |
| 22:23 | Build | Farm |
| 22:24 | Build | Farm |
| 22:28 | Create | Villager (Male) |
| 22:36 | Build | Farm |
| 22:37 | Build | Farm |
| 22:38 | Build | Farm |
| 22:42 | Build | House |
| 22:42 | Build | House |
| 23:01 | Build | Palisade Wall |
| 23:05 | Build | Farm |
| 23:11 | Build | Farm |
| 23:15 | Create | Archer |
| 23:17 | Create | Archer |
| 23:48 | Research | Crossbowman (upgrade) |
| 24:04 | Build | Dock |
| 24:14 | Create | Villager (Male) |
| 24:15 | Create | Villager (Male) |
| 24:15 | Create | Villager (Male) |
| 24:19 | Build | Farm |
| 24:21 | Build | Farm |
| 24:22 | Build | Farm |
| 25:08 | Create | Archer |
| 25:08 | Create | Archer |
| 25:16 | Create | Villager (Male) |
| 25:16 | Create | Villager (Male) |
| 25:17 | Create | Villager (Male) |
| 25:18 | Create | Villager (Male) |
| 25:18 | Create | Villager (Male) |
| 25:23 | Build | Farm |
| 25:37 | Build | Farm |
| 25:38 | Build | Farm |
| 25:48 | Create | Villager (Male) |
| 25:49 | Create | Villager (Male) |
| 25:53 | Create | Archer |
| 25:54 | Create | Archer |
| 26:00 | Build | Palisade Gate |
| 26:07 | Build | Lumber Camp |
| 26:25 | Create | Transport Ship |
| 26:28 | Create | Archer |
| 26:28 | Create | Archer |
| 26:31 | Create | Villager (Male) |
| 26:31 | Create | Villager (Male) |
| 26:31 | Create | Villager (Male) |
| 26:32 | Create | Villager (Male) |
Match timeline
| 0:12 | AOKI_Nyusika · first_building Dock |
| 0:25 | Danatis · first_building Dock |
| 0:29 | 虎蹲压制大脑喷气代替思考敌人不倒我倒 · first_building Dock |
| 0:30 | AOKI_Thanouille · first_building Dock |
| 0:34 | AOKI_Thanouille · wall_segment Palisade Wall x1 |
| 0:46 | Gothrough Mothrough · first_building Dock |
| 0:52 | Proctologue · first_building Dock |
| 1:06 | 康寶羊 · first_building Dock |
| 1:44 | AOKI_ViDa__ · first_building Dock |
| 2:40 | AOKI_ViDa__ · wall_segment Palisade Wall x1 |
| 2:44 | AOKI_ViDa__ · wall_segment Palisade Wall x1 |
| 6:43 | Gothrough Mothrough · wall_segment Palisade Wall x1 |
| 6:44 | Gothrough Mothrough · wall_segment Palisade Wall x2 |
| 7:48 | Gothrough Mothrough · wall_segment Palisade Wall x1 |
| 8:04 | AOKI_ViDa__ · wall_segment Palisade Wall x1 |
| 8:08 | AOKI_ViDa__ · wall_segment Palisade Wall x1 |
| 8:49 | 虎蹲压制大脑喷气代替思考敌人不倒我倒 · wall_segment Palisade Wall x6 |
| 9:17 | Gothrough Mothrough · wall_segment Palisade Wall x14 |
| 9:32 | Gothrough Mothrough · wall_segment Palisade Wall x4 |
| 9:50 | Gothrough Mothrough · wall_segment Palisade Wall x1 |
| 9:51 | Gothrough Mothrough · wall_segment Palisade Wall x1 |
| 10:05 | Gothrough Mothrough · wall_segment Palisade Wall x5 |
| 10:25 | Gothrough Mothrough · wall_segment Palisade Wall x1 |
| 10:30 | AOKI_ViDa__ · wall_segment Palisade Wall x8 |
| 11:09 | Gothrough Mothrough · wall_segment Palisade Wall x1 |
| 11:26 | AOKI_ViDa__ · wall_segment Palisade Wall x1 |
| 11:30 | AOKI_ViDa__ · wall_segment Palisade Wall x3 |
| 11:32 | AOKI_ViDa__ · wall_segment Palisade Wall x4 |
| 11:35 | AOKI_ViDa__ · wall_segment Palisade Wall x1 |
| 12:04 | Gothrough Mothrough · wall_segment Palisade Wall x5 |
| 12:05 | Proctologue · age_up feudal |
| 12:08 | Gothrough Mothrough · wall_segment Palisade Wall x1 |
| 12:12 | Gothrough Mothrough · wall_segment Palisade Wall x1 |
| 12:22 | Proctologue · first_building Barracks |
| 12:24 | AOKI_Thanouille · age_up feudal |
| 12:27 | AOKI_Thanouille · first_building Stable |
| 12:36 | AOKI_Nyusika · wall_segment Palisade Wall x1 |
| 12:46 | Danatis · wall_segment Palisade Wall x1 |
| 12:47 | AOKI_ViDa__ · wall_segment Palisade Wall x1 |
| 12:50 | Danatis · wall_segment Palisade Wall x1 |
| 12:54 | AOKI_Nyusika · age_up feudal |
| 13:00 | Danatis · wall_segment Palisade Wall x1 |
| 13:00 | Danatis · wall_segment Palisade Wall x1 |
| 13:11 | Danatis · wall_segment Palisade Wall x1 |
| 13:11 | Danatis · wall_segment Palisade Wall x1 |
| 13:14 | 虎蹲压制大脑喷气代替思考敌人不倒我倒 · age_up feudal |
| 13:15 | 康寶羊 · age_up feudal |
| 13:30 | Danatis · age_up feudal |
| 13:41 | Proctologue · first_building Stable |
| 13:43 | AOKI_ViDa__ · wall_segment Palisade Wall x1 |
| 13:45 | AOKI_ViDa__ · wall_segment Palisade Wall x1 |
| 13:46 | AOKI_ViDa__ · wall_segment Palisade Wall x1 |
| 13:47 | AOKI_ViDa__ · wall_segment Palisade Wall x1 |
| 13:47 | AOKI_ViDa__ · wall_segment Palisade Wall x1 |
| 14:18 | Gothrough Mothrough · wall_segment Palisade Wall x1 |
| 14:19 | Gothrough Mothrough · wall_segment Palisade Wall x1 |
| 14:24 | AOKI_ViDa__ · wall_segment Palisade Wall x1 |
| 15:04 | Gothrough Mothrough · age_up feudal |
| 15:12 | 虎蹲压制大脑喷气代替思考敌人不倒我倒 · wall_segment Palisade Wall x1 |
| 15:14 | 虎蹲压制大脑喷气代替思考敌人不倒我倒 · wall_segment Palisade Wall x1 |
| 15:16 | 虎蹲压制大脑喷气代替思考敌人不倒我倒 · wall_segment Palisade Wall x1 |
| 15:41 | Gothrough Mothrough · wall_segment Palisade Wall x1 |
| 15:45 | AOKI_ViDa__ · age_up feudal |
| 16:01 | Danatis · first_market_sell 100 food |
| 16:24 | AOKI_Nyusika · age_up castle |
| 16:25 | Danatis · wall_segment Palisade Wall x1 |
| 16:26 | Gothrough Mothrough · first_market_sell 100 wood |
| 16:26 | Danatis · wall_segment Palisade Wall x1 |
| 16:26 | 虎蹲压制大脑喷气代替思考敌人不倒我倒 · first_market_buy 100 stone |
| 16:27 | Gothrough Mothrough · first_market_buy 100 food |
| 16:27 | Danatis · wall_segment Palisade Wall x1 |
| 16:29 | Danatis · wall_segment Palisade Wall x1 |
| 16:45 | 虎蹲压制大脑喷气代替思考敌人不倒我倒 · age_up castle |
| 16:51 | 虎蹲压制大脑喷气代替思考敌人不倒我倒 · first_building Castle |
| 16:52 | 康寶羊 · age_up castle |
| 16:57 | 虎蹲压制大脑喷气代替思考敌人不倒我倒 · wall_segment Palisade Wall x1 |
| 16:59 | 虎蹲压制大脑喷气代替思考敌人不倒我倒 · wall_segment Palisade Wall x1 |
| 17:03 | Danatis · age_up castle |
| 17:12 | Danatis · first_building Castle |
| 17:12 | AOKI_Thanouille · wall_segment Stone Wall x12 |
| 17:33 | Danatis · wall_segment Palisade Wall x1 |
| 17:34 | AOKI_Nyusika · first_market_buy 100 wood |
| 17:38 | Danatis · wall_segment Palisade Wall x1 |
| 17:40 | 虎蹲压制大脑喷气代替思考敌人不倒我倒 · wall_segment Palisade Wall x1 |
| 17:40 | Danatis · wall_segment Palisade Wall x1 |
| 17:57 | AOKI_Thanouille · wall_segment Stone Wall x4 |
| 18:15 | AOKI_Nyusika · first_market_sell 100 food |
| 18:19 | Proctologue · first_market_buy 100 food |
| 18:25 | 虎蹲压制大脑喷气代替思考敌人不倒我倒 · wall_segment Palisade Wall x1 |
| 18:27 | 虎蹲压制大脑喷气代替思考敌人不倒我倒 · wall_segment Palisade Wall x1 |
| 18:29 | 虎蹲压制大脑喷气代替思考敌人不倒我倒 · wall_segment Palisade Wall x1 |
| 18:43 | AOKI_ViDa__ · first_building Barracks |
| 19:14 | Gothrough Mothrough · age_up castle |
| 19:25 | AOKI_ViDa__ · age_up castle |
| 19:26 | Gothrough Mothrough · first_building Castle |
| 19:40 | AOKI_Nyusika · first_building Monastery |
| 19:41 | Gothrough Mothrough · wall_segment Stone Wall x10 |
| 19:41 | AOKI_ViDa__ · first_building Archery Range |
| 19:45 | AOKI_Thanouille · age_up castle |
| 20:04 | 康寶羊 · wall_segment Palisade Wall x1 |
| 20:27 | 虎蹲压制大脑喷气代替思考敌人不倒我倒 · first_building Monastery |
| 20:44 | Proctologue · age_up castle |
| 21:01 | Danatis · wall_segment Palisade Wall x1 |
| 21:01 | Danatis · wall_segment Palisade Wall x1 |
| 21:02 | Danatis · wall_segment Palisade Wall x1 |
| 21:03 | Danatis · wall_segment Palisade Wall x1 |
| 21:42 | 康寶羊 · wall_segment Palisade Wall x1 |
| 21:44 | 康寶羊 · wall_segment Palisade Wall x1 |
| 21:47 | 康寶羊 · wall_segment Palisade Wall x1 |
| 21:47 | 康寶羊 · wall_segment Palisade Wall x1 |
| 21:48 | 康寶羊 · wall_segment Palisade Wall x1 |
| 21:48 | 康寶羊 · wall_segment Palisade Wall x1 |
| 22:05 | 康寶羊 · first_building Monastery |
| 22:43 | Danatis · first_building Barracks |
| 23:01 | AOKI_ViDa__ · wall_segment Palisade Wall x7 |
| 23:03 | Danatis · wall_segment Palisade Wall x18 |
| 23:13 | Danatis · first_building Monastery |
| 23:23 | 虎蹲压制大脑喷气代替思考敌人不倒我倒 · wall_segment Stone Wall x1 |
| 24:01 | Danatis · first_building Stable |
| 24:18 | AOKI_Nyusika · wall_segment Palisade Wall x1 |
| 24:19 | AOKI_Nyusika · wall_segment Palisade Wall x4 |
| 24:31 | Proctologue · wall_segment Stone Wall x10 |
| 25:20 | Proctologue · wall_segment Stone Wall x5 |
| 25:30 | AOKI_Thanouille · first_building Castle |
| 25:48 | 康寶羊 · first_building Barracks |
| 27:14 | AOKI_ViDa__ · first_market_sell 100 wood |
| 27:51 | 康寶羊 · wall_segment Palisade Wall x1 |
| 28:10 | 康寶羊 · wall_segment Palisade Wall x1 |
| 28:16 | 康寶羊 · wall_segment Palisade Wall x1 |
| 29:00 | AOKI_Thanouille · first_market_buy 100 food |
| 30:17 | 虎蹲压制大脑喷气代替思考敌人不倒我倒 · first_building Barracks |
| 30:59 | 虎蹲压制大脑喷气代替思考敌人不倒我倒 · wall_segment Stone Wall x1 |
| 31:25 | Danatis · wall_segment Palisade Wall x1 |
| 31:25 | Danatis · wall_segment Palisade Wall x1 |
| 31:26 | Danatis · wall_segment Palisade Wall x1 |
| 31:27 | Danatis · wall_segment Palisade Wall x1 |
| 31:37 | Danatis · first_market_buy 100 food |
| 31:37 | 康寶羊 · wall_segment Palisade Wall x1 |
| 32:01 | AOKI_Nyusika · wall_segment Stone Wall x1 |
| 32:05 | 虎蹲压制大脑喷气代替思考敌人不倒我倒 · first_building Stable |
| 32:09 | AOKI_ViDa__ · wall_segment Palisade Wall x1 |
| 32:48 | Proctologue · first_building Castle |
| 32:58 | 康寶羊 · wall_segment Stone Wall x1 |
| 32:59 | 康寶羊 · wall_segment Stone Wall x9 |
| 33:17 | AOKI_Thanouille · age_up imperial |
| 33:29 | AOKI_Nyusika · first_building Castle |
| 33:34 | AOKI_Thanouille · first_market_sell 100 food |
| 33:48 | Danatis · first_building Siege Workshop |
| 34:44 | 虎蹲压制大脑喷气代替思考敌人不倒我倒 · age_up imperial |
| 35:30 | Gothrough Mothrough · first_building Barracks |
| 35:41 | 康寶羊 · wall_segment Stone Wall x1 |
| 35:42 | 康寶羊 · wall_segment Stone Wall x10 |
| 36:07 | AOKI_Thanouille · first_building Barracks |
| 36:38 | 虎蹲压制大脑喷气代替思考敌人不倒我倒 · wall_segment Stone Wall x1 |
| 36:39 | 虎蹲压制大脑喷气代替思考敌人不倒我倒 · wall_segment Stone Wall x1 |
| 36:43 | 虎蹲压制大脑喷气代替思考敌人不倒我倒 · wall_segment Stone Wall x1 |
| 37:16 | 康寶羊 · first_market_buy 100 food |
| 37:54 | AOKI_ViDa__ · first_building Siege Workshop |
| 38:09 | AOKI_Nyusika · age_up imperial |
| 39:24 | 虎蹲压制大脑喷气代替思考敌人不倒我倒 · first_building Siege Workshop |
| 39:34 | 虎蹲压制大脑喷气代替思考敌人不倒我倒 · first_market_sell 100 food |
| 39:48 | AOKI_Thanouille · resign |
[ AI ANALYSIS · 1 CREDIT ]
What really happened in this match?
Wolo.gg analyzes every decision: build order, eco, micro, common mistakes by bracket. Personalized analysis on WhatsApp or Discord in 30 seconds.
Civ guide
Armenians
Perfil
Jugador #1853539